 Dungeon Crawl Stone Soup version 0.31-a0-145-g046c7d2549 (webtiles) character file.

Game seed: 2268634280639490885

4 Darkkill the Shooter (level 1, -2/18 HPs)
             Began as a Minotaur Hunter on June 5, 2023.
             Slain by a gnoll
             ... wielding a +0 flail
              (7 damage)
             ... on level 1 of the Dungeon.
             The game lasted 00:00:36 (167 turns).

Darkkill the Shooter (Minotaur Hunter)               Turns: 167, Time: 00:00:36

Health: -2/18      AC:  3    Str: 15    XL:     1   Next: 58%
Magic:  0/0        EV: 12    Int:  6    God:
Gold:   0          SH:  0    Dex: 13    Spells: 0/0 levels left

rFire   . . .        a - +0 shortbow
rCold   . . .        (shield currently unavailable)
rNeg    . . .        c - +0 leather armour
rPois   .            (helmet restricted)
rElec   .            (no cloak)
rCorr   .            (no gloves)
SInv    .            (no boots)
Will    .....        (no amulet)
Stlth   +            (no ring)
HPRegen 0.23/turn    (no ring)
MPRegen 0.07/turn

%: no passive effects
@: no status effects
A: horns 2, retaliatory headbutt
a: no special abilities


You were on level 1 of the Dungeon.
You visited 1 branch of the dungeon, and saw 1 of its levels.

Inventory:

Hand Weapons
 a - a +0 shortbow (weapon)
Armour
 c - a +0 leather armour (worn)
Scrolls
 b - a scroll of butterflies
 d - 3 scrolls of identify {unknown}
 e - a scroll of blinking {unknown}


   Skills:
 + Level 2.5 Fighting
 + Level 4.4 Ranged Weapons
 + Level 2.3 Dodging
 + Level 1.0 Stealth


You couldn't memorise any spells.
You didn't know any spells.
Your spell library contained the following spells:

 Spells                   Type           Power      Damage    Failure   Level
 Apportation              Tloc           0%         N/A       52%         1
 Alistair's Intoxication  Tmut/Pois      0%         N/A       100%        5


Dungeon Overview and Level Annotations

Branches:
Dungeon (1/15)

Altars:


Innate Abilities, Weirdness & Mutations

You have a pair of horns on your head.
You reflexively headbutt those who attack you in melee.


Message History

You add the spells Apportation and Alistair's Intoxication to your library.
No target in view!
No target in view!
d - 3 scrolls labelled GEKODYWK ITSUXT No target in view!
A ball python comes into view.
The ball python hisses angrily.
You shoot an arrow.
The arrow completely misses the ball python.
A ball python is nearby!
You shoot an arrow. The arrow hits the ball python.
You kill the ball python!
A ball python comes into view.
Found a scroll labelled YMIUZYKKERPH.
The ball python hisses angrily.
You shoot an arrow.
The arrow completely misses the ball python.
A ball python is nearby!
You shoot an arrow.
The arrow hits the ball python but does no damage.
The ball python bites you. The ball python barely misses you.
You shoot an arrow.
The arrow barely misses the ball python.
The ball python bites you. The ball python grabs you.
The ball python constricts you.
The ball python bites you but does no damage.
The ball python constricts you.
A ball python is nearby!
You shoot an arrow.
The arrow closely misses the ball python.
The ball python closely misses you. The ball python constricts you.
A ball python is nearby!
You shoot an arrow.
The arrow closely misses the ball python.
The ball python bites you but does no damage.
The ball python constricts you. The ball python bites you.
The ball python constricts you.
A ball python is nearby!
You are too injured to fight recklessly!
A ball python is nearby!
You are too injured to fight recklessly!
A ball python is nearby!
You are too injured to fight recklessly!
You are too injured to fight recklessly!
You escape the ball python's grasp.
You shoot an arrow.
The arrow barely misses the ball python.
The ball python bites you. The ball python barely misses you.
The ball python bites you. The ball python grabs you.
The ball python constricts you.
You shoot an arrow. The arrow hits the ball python.
The ball python is moderately wounded.
The ball python bites you. The ball python constricts you.
* * * LOW HITPOINT WARNING * * *
You shoot an arrow.
The arrow closely misses the ball python.
The ball python bites you but does no damage.
The ball python constricts you.
The ball python bites you but does no damage.
The ball python constricts you.
* * * LOW HITPOINT WARNING * * *
You shoot an arrow. The arrow hits the ball python.
You kill the ball python!
HP restored.
e - a scroll labelled YMIUZYKKERPH No target in view!
No target in view!
Found a stone staircase leading down.
An endoplasm comes into view.
The endoplasm quivers.
You shoot an arrow. The arrow hits the endoplasm.
The endoplasm is moderately wounded.
You shoot an arrow. The arrow hits the endoplasm.
You kill the endoplasm!
There is a stone staircase leading down here.
A hobgoblin comes into view.
You shoot an arrow. The arrow hits the hobgoblin!
You kill the hobgoblin!
Your Stealth skill increases to level 1!
A gnoll comes into view. It is wielding a +0 flail.
The gnoll shouts!
You hear a shout!
You shoot an arrow. The arrow hits the gnoll.
The gnoll is moderately wounded.
A gnoll is nearby!
You shoot an arrow. The arrow hits the gnoll.
The gnoll is heavily wounded.
The gnoll hits you with a +0 flail.
A gnoll is nearby!
You are too injured to fight recklessly!
A gnoll is nearby!
You are too injured to fight recklessly!
A gnoll is nearby!
A gnoll is nearby!
You are too injured to fight recklessly!
A quokka comes into view.
The gnoll hits you with a +0 flail!
* * * LOW HITPOINT WARNING * * *
You shoot an arrow. The arrow closely misses the gnoll.
The gnoll barely misses you. The gnoll hits you with a +0 flail!
You die...

##..###.##...#..###.#
##.........#.#......
#........#...#.....
#...#######.#######
##..# ##.......## #
#..###.........###
#..##...........##
##..#.............#
#g@##.............#
#...r.###.............#
#....# #......<......#
####. #.............#
## #.............#
#.............#
##...........##
##.........##
##.......##


You could see a gnoll and a quokka.

Vanquished Creatures
  2 ball pythons (D:1)
  An endoplasm (D:1)
  A hobgoblin (D:1)
4 creatures vanquished.

Notes
Turn   | Place    | Note
-------+----------+-------------------------------------------
     0 | D:1      | Darkkill the Minotaur Hunter began the quest for the Orb.
     0 | D:1      | Reached XP level 1. HP: 18/18 MP: 0/0
   153 | D:1      | Reached skill level 1 in Stealth
   167 | D:1      | Slain by a gnoll

Illustrated notes

Levels and vault maps discovered:
D:1:      psy_arrival_dodecagon, layout_loops_ring,
          ebering_dispersal_statue_hall, moated_statue

Skill      XL: |  1 |
---------------+----+-----
Stealth        | 1 |  1.0
Fighting       | |  2.5
Ranged Weapons | |  4.4
Dodging        | |  2.3

Action                     || total
---------------------------++-------
   Fire: Shortbow          ||    17
 Armour: Leather armour    ||     4
  Dodge: Dodged            ||     4

Table legend: (Time is in decaauts)
 A = Elapsed time spent in this place.
 B = Non-inter-level travel time spent in this place.
 C = Inter-level travel time spent in this place.
 D = Time resting spent in this place.
 E = Time spent auto-exploring this place.
 F = Levels seen in this place.
 G = Mean time per level.
                   A        B        C        D        E       F      G
               +--------+--------+--------+--------+--------+-----+--------+
         Total |    170 |    170 |      0 |      0 |    138 |   1 |  170.0 |
       Dungeon |    170 |    170 |      0 |      0 |    138 |   1 |  170.0 |
               +--------+--------+--------+--------+--------+-----+--------+

Top non-repeatable levels by time:
     D:1: 170 daAuts

Levels and vault maps discovered:
D:1:      psy_arrival_dodecagon, layout_loops_ring,
          ebering_dispersal_statue_hall, moated_statue

Table legend: (Time is in decaauts)
 A = Elapsed time spent in this place.
 B = Non-inter-level travel time spent in this place.
 C = Inter-level travel time spent in this place.
 D = Time resting spent in this place.
 E = Time spent auto-exploring this place.
 F = Levels seen in this place.
 G = Mean time per level.
                   A        B        C        D        E       F      G
               +--------+--------+--------+--------+--------+-----+--------+
         Total |    170 |    170 |      0 |      0 |    138 |   1 |  170.0 |
       Dungeon |    170 |    170 |      0 |      0 |    138 |   1 |  170.0 |
               +--------+--------+--------+--------+--------+-----+--------+

Top non-repeatable levels by time:
     D:1: 170 daAuts

Table legend:
 A = Kills in this place as a percentage of kills in the entire game.
 B = Kills by you in this place as a percentage of kills by you in the entire game.
 C = Kills by friends in this place as a percentage of kills by friends in the entire game.
 D = Other kills in this place as a percentage of other kills in the entire game.
 E = Experience gained in this place as a percentage of experience gained in the entire game.
 F = Experience gained in this place divided by the number of levels of this place that you have seen.
                   A       B       C       D       E      F
               +-------+-------+-------+-------+-------+----------------------
         Total | 100.0 | 100.0 |   N/A |   N/A | 100.0 |   7.0
       Dungeon | 100.0 | 100.0 |   N/A |   N/A | 100.0 |   7.0
               +-------+-------+-------+-------+-------+----------------------
